Map: Lost and Found LE

Players

SpaceKitsune - Winner!

  • Race: Protoss Protoss
  • League: Diamond
  • Spawn Location: 7:00

Marzbar

  • Race: Zerg Zerg
  • League: Diamond
  • Spawn Location: 1:00

VOD

Have the link to the VOD?

Description

Time

  • Played on: June 16, 2018, 9:49 p.m.
  • Length: 12:22
Show
View Real Time Build Order
Export as new Build Order

SpaceKitsune Protoss - Winner!

Build Orders: 1 Gate Expand, Double Forge, Dark Templar Rush 

Get SALT Encoding   

  12  0:00  Probe  
  13  0:13  Probe  
  14  0:21  Pylon  
  14  0:25  Probe  
  15  0:35  Probe  
  16  0:43  Probe  
  16  0:46  Gateway  
  17  0:53  Probe  
  18  1:05  Probe  
  19  1:17  Probe  
  20  1:23  Nexus  
  20  1:28  Assimilator  
  20  1:32  Assimilator  
  20  1:41  Cybernetics Core  
  20  1:44  Probe  
  21  1:56  Probe  
  22  2:01  Pylon  
  22  2:05  Pylon  
  22  2:08  Probe  
  23  2:20  Gateway  
  23  2:21  Sentry  
  25  2:23  Probe  
  26  2:31  Warp Gate  
  26  2:34  Probe  
  26  2:35  Probe  
  28  2:47  Probe x2  
  28  2:51  Stalker  
  32  2:59  Probe x2  
  32  3:04  Twilight Council  
  34  3:12  Stalker  
  36  3:14  Probe  
  37  3:26  Probe  
  38  3:27  Assimilator  
  38  3:28  Probe  
  38  3:30  Charge  
  39  3:38  Probe  
  39  3:39  Assimilator  
  39  3:40  Probe  
  41  3:50  Probe  
  41  3:52  Probe  
  43  3:58  Dark Shrine  
  43  4:02  Probe  
  43  4:04  Probe  
  45  4:14  Gateway x2  
  45  4:15  Probe  
  46  4:27  Probe  
  46  4:30  Gateway x2  
  47  4:33  Pylon x2  
  47  4:36  Probe  
  48  4:44  Stalker  
  50  4:46  Stalker  
  50  4:48  Probe  
  50  4:50  Shadow Stride  
  50  4:52  Forge  
  53  4:54  Forge  
  53  5:12  Dark Templar x4  
  61  5:14  Protoss Ground Weapons Level 1  
  61  5:16  Protoss Ground Armor Level 1  
  61  5:35  Nexus  
  61  5:37  Pylon  
  61  5:40  Probe  
  54  6:13  Zealot x5  
  54  6:14  Zealot  
  66  6:26  Probe  
  66  6:28  Probe  
  68  6:38  Probe  
  69  6:40  Probe  
  69  6:42  Stalker, Templar Archives  
  69  6:43  Stalker  
  69  6:47  Probe, Pylon  
  74  6:50  Probe, Pylon  
  74  6:52  Probe  
  77  6:59  Probe  
  77  7:01  Dark Templar  
  80  7:02  Probe, Dark Templar x3  
  80  7:04  Probe  
  80  7:06  Gateway  
  88  7:09  Gateway  
  88  7:11  Probe  
  88  7:12  Pylon  
  88  7:14  Probe  
  90  7:16  Probe  
  90  7:17  Assimilator  
  90  7:21  Zealot x2  
  93  7:24  Probe  
  94  7:34  Psionic Storm  
  94  7:36  Probe, Assimilator  
  95  7:39  High Templar  
  95  7:40  High Templar x3  
  103  7:48  Probe  
  103  7:51  Protoss Ground Weapons Level 2, Zealot x2  
  108  8:00  Probe  
  108  8:03  Pylon  
  108  8:04  Zealot x2  
  113  8:14  Protoss Shields Level 1  
  113  8:15  Probe  
  114  8:21  Zealot x2  
  114  8:22  Zealot x3  
  124  8:28  Probe  
  124  8:29  Pylon  
  124  8:30  Pylon  
  124  8:32  Pylon  
  125  8:34  Pylon  
  125  8:36  Pylon  
  125  8:46  Pylon  
  125  8:47  Probe  
  125  8:48  Pylon  
  126  8:49  High Templar x3  
  126  8:50  Pylon  
  126  8:51  High Templar  
  126  8:52  Zealot x3  
  126  8:53  Zealot  
  142  8:59  Probe  
  143  9:04  Robotics Facility  
  141  9:12  Stalker x3  
  141  9:13  Stalker  
  149  9:36  Zealot x4  
  149  9:37  Zealot x2  
  109  10:08  Zealot x6  
  109  10:09  Zealot  
  109  10:10  Zealot  
  125  10:40  Zealot x6  
  125  10:41  Zealot x2  
  139  11:08  Dark Templar x3  
  139  11:09  Dark Templar x5  
  102  11:48  Zealot x2  
  102  11:52  Observer  
  96  11:54  Zealot x2  
  96  11:55  Zealot x4  
  105  12:20  Zealot x4  
  105  12:21  Zealot x2  
  105  12:22  Zealot  
Show
View Real Time Build Order
Export as new Build Order

Marzbar Zerg 

Build Orders: Hatch First 

Get SALT Encoding   

  12  0:00  Drone  
  13  0:13  Overlord  
  13  0:17  Drone  
  14  0:31  Drone x2  
  14  0:35  Drone  
  17  0:53  Hatchery  
  17  0:56  Drone  
  17  1:00  Drone  
  17  1:03  Extractor  
  17  1:25  Spawning Pool, Drone x2  
  18  1:37  Drone  
  18  1:39  Overlord  
  19  1:57  Drone  
  20  2:12  Queen x2  
  20  2:13  Zergling x4  
  26  2:17  Metabolic Boost  
  26  2:22  Drone  
  27  2:23  Drone  
  27  2:26  Drone  
  30  2:30  Drone  
  30  2:51  Hatchery, Drone x2  
  30  2:54  Overlord  
  30  2:57  Drone  
  32  3:06  Drone x3  
  35  3:18  Drone x2  
  36  3:21  Queen  
  36  3:23  Drone x4  
  42  3:38  Baneling Nest  
  42  3:40  Drone  
  42  3:41  Overlord x2, Drone  
  43  3:56  Extractor  
  42  4:03  Queen  
  42  4:04  Queen  
  42  4:09  Roach Warren  
  45  4:10  Drone x8  
  53  4:24  Baneling x2  
  53  4:30  Drone x2  
  55  4:31  Zergling x2  
  55  4:32  Zergling x2  
  55  4:36  Spore Crawler  
  55  4:37  Spore Crawler  
  55  4:38  Spore Crawler, Drone, Evolution Chamber  
  53  4:39  Drone x2  
  53  4:40  Zergling x2  
  57  4:51  Overlord x2  
  57  4:54  Lair  
  57  5:08  Overlord x4  
  57  5:10  Roach  
  57  5:11  Roach x2  
  57  5:13  Zergling x2  
  57  5:14  Zergling x12  
  70  5:17  Baneling  
  70  5:23  Drone  
  70  5:25  Drone  
  70  5:26  Drone x5  
  77  5:31  Drone  
  77  5:32  Drone x3  
  81  5:48  Extractor  
  80  5:54  Overseer  
  75  6:00  Zergling x4  
  75  6:01  Zergling x6, Roach x4  
  86  6:16  Zerg Melee Weapons Level 1  
  86  6:20  Extractor  
  85  6:31  Hatchery  
  84  6:33  Hatchery  
  83  6:40  Overseer x3  
  83  6:44  Hatchery  
  83  6:46  Roach x3  
  88  6:49  Hatchery  
  87  6:56  Overlord x2  
  87  7:14  Queen  
  79  7:24  Glial Reconstitution  
  78  7:48  Drone  
  78  7:49  Overlord x3, Drone x9  
  78  7:50  Drone  
  78  7:51  Overlord x2, Drone  
  89  7:52  Drone  
  91  8:00  Hydralisk Den  
  91  8:02  Drone x2  
  91  8:04  Evolution Chamber  
  91  8:10  Drone  
  91  8:11  Drone x3  
  95  8:13  Roach  
  95  8:14  Roach x6  
  95  8:16  Zergling x2  
  95  8:17  Zergling x2  
  95  8:19  Zerg Melee Weapons Level 2  
  111  8:24  Extractor  
  111  8:25  Extractor, Spine Crawler  
  108  8:33  Hydralisk x3  
  114  8:38  Drone x4  
  118  8:54  Roach  
  118  8:59  Hydralisk x8  
  134  9:06  Spine Crawler  
  134  9:08  Spine Crawler, Ravager  
  119  9:15  Queen  
  110  9:23  Hydralisk x4  
  110  9:24  Roach x3  
  122  9:31  Baneling x5  
  120  9:45  Lurker Den  
  115  9:57  Zergling x8, Hydralisk x6, Roach x2  
  115  9:58  Zergling x4, Roach  
  115  9:59  Zergling x2  
  79  10:14  Hydralisk x2, Roach  
  79  10:15  Roach x3  
  79  10:18  Baneling  
  79  10:19  Baneling x3  
  79  10:20  Baneling  
  89  10:35  Baneling  
  89  10:36  Baneling x3  
  85  10:50  Hydralisk x4  
  85  10:51  Hydralisk x6  
  85  10:53  Zergling x4  
  101  11:15  Lurker  
  101  11:16  Lurker  
  101  11:18  Lurker  
  104  11:20  Zergling x2  
  104  11:21  Zergling x20  
  52  11:47  Hydralisk  
  52  11:48  Hydralisk x5  
  61  12:04  Spore Crawler  
Tags
 
Add a new tag
Caveats
  • Supply blocks, unpowered buildings, or Contaminate may cause inaccurate times.
  • Supply counts are checked every 10 seconds.